 Dungeon Crawl Stone Soup version 0.30.1 (webtiles) character file.

Game seed: 17863640338945890457

947 Dordric the Blocker (level 8, -3/58 HPs)
             Began as a Formicid Fighter on July 5, 2023.
             Killed by divine providence
             ... invoked by an orc priest
              (12 damage)
             ... on level 5 of the Dungeon.
             The game lasted 00:06:22 (3784 turns).

Dordric the Blocker (Formicid Fighter)              Turns: 3784, Time: 00:06:23

Health: -3/58      AC: 12    Str: 22 (23) XL:     8   Next: 35%
Magic:  8/8        EV:  9    Int:  5 (8)  God:
Gold:   269        SH: 11    Dex: 11 (13) Spells: 7/7 levels left

rFire   . . .        r - +2 dagger (venom)
rCold   . . .        c - +0 buckler
rNeg    . . .        b - +0 scale mail
rPois   .            (helmet unavailable)
rElec   .            d - +0 cloak
rCorr   .            h - +0 pair of gloves {hurl}
SInv    +            i - +2 pair of boots
Will    .....        m - amulet of reflection Stlth
                     (no ring)
HPRegen 0.29/turn    (no ring)
MPRegen 0.11/turn

%: reflection
@: no status effects
A: permanent stasis, dig shafts and tunnels, antennae 3, four strong arms
a: Dig, Shaft Self


You were on level 5 of the Dungeon.
You visited 1 branch of the dungeon, and saw 5 of its levels.
You also visited: Sewer.

You collected 269 gold pieces.

Inventory:

Hand Weapons
 a - a +0 flail
 r - a +2 dagger of venom (weapon)
Armour
 b - a +0 scale mail (worn)
 c - a +0 buckler (worn)
 d - a +0 cloak (worn)
 h - a +0 pair of gloves of hurling (worn)
 i - a +2 pair of boots (worn)
Jewellery
 m - an amulet of reflection (around neck)
Wands
 f - a wand of polymorph (13)
Scrolls
 e - 2 scrolls of enchant armour
 g - a scroll of identify
 k - 2 scrolls of teleportation
 l - a scroll of fear
 p - a scroll of poison
 u - a scroll of blinking
Potions
 j - a potion of degeneration
 n - a potion of attraction {unknown}
 o - a potion of curing {unknown}
 q - a potion of flight {unknown}
 s - a potion of might
 t - 3 potions of invisibility {unknown}


   Skills:
 - Level 3.2 Fighting
 + Level 6.7 Maces & Flails
 - Level 3.2 Armour
 + Level 9.3 Shields


You had 7 spell levels left.
You didn't know any spells.
Your spell library was empty.

Dungeon Overview and Level Annotations

Branches:
Dungeon (5/15)              Sewer (visited)
 Temple: D:4-7

Altars:
Qazlal

Shops:
D:1 !   D:2 (   D:4 (


Innate Abilities, Weirdness & Mutations

You cannot be hasted, slowed, berserked, paralysed or teleported.
You can dig through walls and to a lower floor.
You have a pair of large antennae on your head. (SInv)
Your four strong arms can wield two-handed weapons with a shield.


Message History

You are no longer poisoned.
The jackal barely misses you.
The orc wizard hits you but does no damage.
The gnoll barely misses you.
A dart slug comes into view.
The orc priest looks satisfied for a moment.
The jackal closely misses you.
You hit the orc wizard.
The orc wizard is severely wounded.
The orc wizard hits you but does no damage.
The gnoll closely misses you.
The jackal bites you but does no damage.
You miss the orc wizard.
The orc wizard is almost dead.
The jackal closely misses you. The orc wizard barely misses you.
The gnoll barely misses you.
The jackal bites you but does no damage.
You kill the orc wizard!
The jackal bites you.
You feel less confused. You block the gnoll's attack.
The jackal attacks as you move away! The jackal barely misses you.
The jackal completely misses you.
The orc priest calls down the wrath of Beogh upon you.
Beogh smites you!
* * * LOW HITPOINT WARNING * * *
As you read the scroll of fear, it crumbles to dust.
You assume a fearsome visage.
The orc looks frightened!
The orc priest looks frightened!
The ogre looks frightened!
The gnoll looks frightened! x3; The jackal looks frightened!
You see here a scroll of identify.
g - a scroll of identify You open the door.
There is an open door here.
The orc priest calls down the wrath of Beogh upon you.
Beogh smites you!
* * * LOW HITPOINT WARNING * * *
The orc priest mumbles some strange prayers to Beogh against you.
Beogh smites you!
You die...

#......
#.....#####
#..h..#...#
#.....)...#
#######...<.#)..#
.....)......#o..#
............#...#
............#..{#
.......@....#...#
..........g.w...#
#####.....o.#...#
###o#####...#
#.....{.W...#
#......######
+......#
##......#
#......#


You could see a gnoll sergeant, an orc priest, a dart slug, an orc and a jackal.

Vanquished Creatures
  A steam dragon (D:4)
  Pargi (Sewer)
  An ogre (D:4)
  2 phantoms
  3 scorpions
  2 hounds
  An iguana (D:5)
  Terence (D:2)
  2 orc wizards
  3 gnolls (D:3)
  4 adders
  3 worms
  3 dart slugs
  6 orcs
  2 bats
  7 endoplasms
  4 giant cockroaches
  5 goblins
  5 hobgoblins
  3 jackals (D:5)
  5 kobolds
  3 quokkas
  8 ball pythons
  8 frilled lizards
  11 rats
94 creatures vanquished.

Notes
Turn   | Place    | Note
-------+----------+-------------------------------------------
     0 | D:1      | Dordric the Formicid Fighter began the quest for the Orb.
     0 | D:1      | Reached XP level 1. HP: 18/18 MP: 1/1
   152 | D:1      | Reached XP level 2. HP: 24/24 MP: 2/2
   217 | D:1      | Found Loqef's Distillery.
   565 | D:1      | Reached XP level 3. HP: 28/29 MP: 3/3
  1223 | D:2      | Found Vixaef's Antique Weapon Shoppe.
  1317 | D:2      | Noticed Terence
  1337 | D:2      | Killed Terence
  1338 | D:2      | Reached skill level 5 in Shields
  1338 | D:2      | Reached XP level 4. HP: 16/35 MP: 4/4
  1936 | D:3      | Found a stormy altar of Qazlal.
  2237 | D:3      | Reached XP level 5. HP: 37/41 MP: 5/5
  2286 | D:3      | Reached skill level 6 in Shields
  2659 | D:4      | Noticed a phantom
  2690 | D:4      | Killed a phantom
  2691 | D:4      | Reached XP level 6. HP: 41/47 MP: 6/6
  2757 | D:4      | Noticed a steam dragon
  2776 | D:4      | Killed a steam dragon
  2777 | D:4      | Reached skill level 5 in Maces & Flails
  2777 | D:4      | Reached skill level 7 in Shields
  2895 | D:4      | Reached XP level 7. HP: 31/52 MP: 7/7
  3112 | D:4      | Reached skill level 8 in Shields
  3200 | D:4      | Found a glowing drain.
  3204 | Sewer    | Entered a sewer
  3235 | Sewer    | Noticed Pargi
  3248 | Sewer    | Killed Pargi
  3447 | D:4      | Found Uchevae's Antique Weapon Shop.
  3705 | D:5      | Entered Level 5 of the Dungeon
  3722 | D:5      | Reached XP level 8. HP: 48/58 MP: 8/8
  3740 | D:5      | Reached skill level 9 in Shields
  3784 | D:5      | Killed from afar by an orc priest

Illustrated notes

Levels and vault maps discovered:
D:1:      saegor_arrival_simple_a, layout_loops_corners, serial_shops, shop,
          st_stairs_9, minmay_rat_gold_closets
D:2:      layout_loops_ring, serial_shops, nicolae_shop_dealshenge,
          serial_aquarium, aquarium_bridge_square [aquarium_subvault_wall,
          aquarium_subvault_wall, aquarium_subvault_bridge,
          aquarium_subvault_wall], aquarium_window_1,
          aquarium_window_corridor_3, aquarium_window_1, aquarium_view_2e,
          aquarium_view_2e, aquarium_balcony_5b, uniq_terence
D:3:      layout_loops_ring, mainiacjoe_overflow_24_doors
D:4:      minmay_angry_zag, layout_basic, serial_shops, shop,
          gup_sewer_entry_bowl
D:5:      layout_gridville, amcnicky_altar_gilded

Skill      XL: |  1  2  3  4  5  6  7  8 |
---------------+-------------------------+-----
Maces & Flails | 3 4 5 6 |  6.7
Shields        | 5 6 7 8 9 |  9.3
Fighting       | |  3.2
Armour         | |  3.2

Action                     |  1- 3 |  4- 6 |  7- 9 || total
---------------------------+-------+-------+-------++-------
  Melee: Flail             |   113 |   103 |    24 ||   240
         Dagger            |       |       |   118 ||   118
    Use: Scroll            |       |     4 |     3 ||     7
         Potion            |       |     2 |     3 ||     5
 Armour: Scale mail        |    36 |    40 |    76 ||   152
  Dodge: Dodged            |    42 |    37 |    56 ||   135
  Block: Buckler           |    30 |    36 |    99 ||   165
         Reflection        |       |       |     3 ||     3
